[Event "Titled Tuesday Blitz April 26 Early 2022"]
[White "Kim, Sergey"]
[Black "Costachi, Mihnea"]
[WhiteFideId "13700570"]
[BlackFideId "1217518"]
[WhiteElo "2549"]
[BlackElo "2476"]
[Result "1/2-1/2"]
[Round "03"]
[TimeControl "180+1"]
[Date "2022.04.26"]
[WhiteClock "0:00:08"]
[BlackClock "0:01:12"]

1. d4 Nf6 2. c4 g6 3. Nc3 d5 4. cxd5 Nxd5 5. e4 Nxc3 6. bxc3 c5 7. Bc4 Bg7 8. Ne2 cxd4 9. cxd4 Nc6 10. Be3 Qa5+ 11. Bd2 Qc7 12. Rc1 O-O 13. O-O Qb6 14. Be3 Na5 15. Bd3 Bd7 16. Qd2 Nc6 17. d5 Nd4 18. Rb1 Nxe2+ 19. Bxe2 Qc7 20. Rfc1 Qb8 21. Bf4 Be5 22. Bxe5 Qxe5 23. Rxb7 Bc8 24. Rb4 a5 25. f4 Qd6 26. Rbc4 Qb6+ 27. Qd4 Qxd4+ 28. Rxd4 Ba6 29. Bxa6 Rxa6 30. Rdc4 Rb6 31. R1c2 e6 32. dxe6 fxe6 33. g3 Kg7 34. Kf2 g5 35. Ke3 gxf4+ 36. gxf4 Rb1 37. Rg2+ Kh6 38. Rc6 Re1+ 39. Kd4 Rxf4 40. Rxe6+ Kh5 41. Re5+ Kh4 42. Re7 h5 43. Kd5 Kh3 44. Rb2 Rd1+ 45. Kc6 h4 46. e5 Re4 47. e6 a4 48. Rc2 a3 49. Re8 Rde1 50. Kd5 R4e3 51. Kd6 Rd1+ 52. Ke7 Rde1 53. Kd7 Rd3+ 54. Ke7 Rde3 55. Kd7 Rd1+ 56. Ke7 Rb1 57. Kd7 Rb7+ 58. Kd6 Rb6+ 59. Kd7 Rb7+ 60. Kd6 Rb2 61. Rxb2 axb2 62. Rb8 Rd3+ 63. Ke5 Re3+ 64. Kd6 Rd3+ 65. Ke5 Re3+ 66. Kd6 1/2-1/2


[Site "https://www.chess.com"]

[Event "Titled Tuesday Blitz April 26 Early 2022"]
[White "Koellner, Ruben Gideon"]
[Black "Gokerkan, Cem Kaan"]
[WhiteFideId "12993093"]
[BlackFideId "6336760"]
[WhiteElo "2564"]
[BlackElo "2382"]
[Result "1-0"]
[Round "03"]
[TimeControl "180+1"]
[Date "2022.04.26"]
[WhiteClock "0:00:38"]
[BlackClock "0:00:01"]

1. d4 Nf6 2. Bg5 d5 3. e3 c5 4. Bxf6 gxf6 5. dxc5 e6 6. c4 dxc4 7. Nd2 Bxc5 8. Bxc4 Nc6 9. Ngf3 O-O 10. O-O f5 11. Rc1 Be7 12. Qe2 Bf6 13. b3 Qe7 14. e4 fxe4 15. Nxe4 Bg7 16. Rfd1 e5 17. Nd6 Bg4 18. Qe4 Bh5 19. Nf5 Qf6 20. Rd6 Bxf3 21. gxf3 Qg5+ 22. Qg4 Qxg4+ 23. fxg4 Rad8 24. Rcd1 Nd4 25. Kg2 a6 26. Rxd8 Rxd8 27. Nxd4 exd4 28. a4 Bf6 29. Rd3 Be5 30. Rf3 Rd7 31. h4 h6 32. Kf1 Kg7 33. Ke2 Rc7 34. Kd3 Bf6 35. h5 Re7 36. Rf5 Re1 37. Bd5 Rd1+ 38. Kc2 Rg1 39. Bxb7 Rxg4 40. Bxa6 Rg1 41. Bc4 Ra1 42. a5 Ra2+ 43. Kd3 Ra1 44. a6 Rd1+ 45. Kc2 Ra1 46. Kb2 Re1 47. a7 Re8 48. Kc2 1-0


[Site "https://www.chess.com"]

[Event "Titled Tuesday Blitz April 26 Early 2022"]
[White "Kollars, Dmitrij"]
[Black "Donchenko, Alexander"]
[WhiteFideId "12909572"]
[BlackFideId "24603295"]
[WhiteElo "2584"]
[BlackElo "2539"]
[Result "0-1"]
[Round "03"]
[TimeControl "180+1"]
[Date "2022.04.26"]
[WhiteClock "0:00:02"]
[BlackClock "0:00:37"]

1. d4 Nf6 2. c4 c6 3. Bf4 Qb6 4. Nf3 Qxb2 5. Nbd2 d5 6. e3 Qa3 7. Be2 e6 8. O-O Be7 9. Qc2 O-O 10. Rab1 Nbd7 11. Bc7 b6 12. cxd5 cxd5 13. Ne5 Ba6 14. Rb3 Qa4 15. Bxa6 Qxa6 16. Nc6 Rfe8 17. Rc1 Bf8 18. h3 Rac8 19. Bg3 h6 20. Rc3 Ra8 21. a4 Qe2 22. Nb3 Qxc2 23. R3xc2 Ne4 24. Bh2 Ba3 25. Ra1 Bd6 26. Bxd6 Nxd6 27. Nd2 a6 28. Nb4 a5 29. Nd3 Rec8 30. Rac1 Rxc2 31. Rxc2 Rc8 32. Rxc8+ Nxc8 33. Kf1 Nd6 34. Nb2 Kf8 35. Ke2 Nb8 36. Nb1 Nc6 37. Nc3 Nb4 38. Nd3 Nxd3 39. Kxd3 Ke7 40. f3 Kd7 41. e4 Kc6 42. e5 Nc4 43. f4 Na3 44. g4 b5 45. axb5+ Nxb5 46. Na4 g6 47. Nc5 Nc7 48. Kc3 h5 49. Kd3 h4 50. Kc3 Kb5 51. Nb7 Kb6 52. Nd6 Nb5+ 0-1


[Site "https://www.chess.com"]

[Event "Titled Tuesday Blitz April 26 Early 2022"]
[White "Korchmar, Vasiliy"]
[Black "Gutierrez Olivares, Daniel"]
[WhiteFideId "24131750"]
[BlackFideId "2264005"]
[WhiteElo "2370"]
[BlackElo "2317"]
[Result "1-0"]
[Round "03"]
[TimeControl "180+1"]
[Date "2022.04.26"]
[WhiteClock "0:00:08"]
[BlackClock "0:00:05"]

1. e4 e6 2. d4 d5 3. e5 c5 4. c3 Nc6 5. Nf3 Bd7 6. Be2 Nge7 7. Na3 cxd4 8. cxd4 Nf5 9. Nc2 Be7 10. O-O O-O 11. Bd3 Rc8 12. Bxf5 exf5 13. g3 Be6 14. h4 h5 15. Bg5 g6 16. Ne3 Qb6 17. Bxe7 Nxe7 18. Qd2 f4 19. gxf4 Bg4 20. Ng5 f6 21. exf6 Qxf6 22. Ng2 Nf5 23. f3 Nxd4 24. fxg4 Rc2 25. Qe3 Re2 26. Qd3 hxg4 27. Rad1 Rxg2+ 28. Kxg2 Nf5 29. Qxd5+ Kh8 30. Qe5 Nxh4+ 31. Kg3 Nf5+ 32. Kxg4 Qxe5 33. Rh1+ 1-0


[Site "https://www.chess.com"]

[Event "Titled Tuesday Blitz April 26 Early 2022"]
[White "Koziorowicz, Michal"]
[Black "Devaev, Alexander"]
[WhiteFideId "21809194"]
[BlackFideId "4169395"]
[WhiteElo "2235"]
[BlackElo "2185"]
[Result "0-1"]
[Round "03"]
[TimeControl "180+1"]
[Date "2022.04.26"]
[WhiteClock "0:00:51"]
[BlackClock "0:00:35"]

1. e4 c6 2. d4 d5 3. e5 Bf5 4. Nc3 Qb6 5. Nf3 e6 6. Bd3 Bxd3 7. Qxd3 Qa6 8. Qe3 Ne7 9. Ne2 c5 10. c3 Nf5 11. Qf4 cxd4 12. Nfxd4 Nxd4 13. Nxd4 Nc6 14. Nf3 Be7 15. Qg3 g6 16. h4 h5 17. Bg5 Qc4 18. Bxe7 Qe4+ 19. Kf1 Qd3+ 20. Kg1 Nxe7 21. Qf4 Qf5 22. Qa4+ Nc6 23. Nd4 Qxe5 24. Nxc6 bxc6 25. Qxc6+ Ke7 26. Qb7+ Kf6 27. Rh3 Kg7 28. Rf3 Rhf8 29. Rd1 Rab8 30. Qxa7 Rxb2 31. Rd4 Rb1+ 0-1


[Site "https://www.chess.com"]

[Event "Titled Tuesday Blitz April 26 Early 2022"]
[White "Lauridsen, Jesper Morch"]
[Black "Sarkar, Justin"]
[WhiteFideId "1401890"]
[BlackFideId "2010011"]
[WhiteElo "2285"]
[BlackElo "2038"]
[Result "1-0"]
[Round "03"]
[TimeControl "180+1"]
[Date "2022.04.26"]
[WhiteClock "0:00:46"]
[BlackClock "0:00:01"]

1. e4 e5 2. Nf3 Nc6 3. Bc4 Nf6 4. d4 exd4 5. O-O Nxe4 6. Re1 d5 7. Bxd5 Qxd5 8. Nc3 Qh5 9. Nxe4 Be7 10. Bg5 Bg4 11. Bxe7 Nxe7 12. Ng3 Bxf3 13. Rxe7+ Kf8 14. Qe1 Qc5 15. Re5 Bd5 16. b4 Qc6 17. b5 Qd7 18. Qb4+ Kg8 19. Nf5 h6 20. Rxd5 1-0


[Site "https://www.chess.com"]

[Event "Titled Tuesday Blitz April 26 Early 2022"]
[White "Lazavik, Denis"]
[Black "Petrovskyi, Vadym"]
[WhiteFideId "13515110"]
[BlackFideId "14165210"]
[WhiteElo "2437"]
[BlackElo "2400"]
[Result "1-0"]
[Round "03"]
[TimeControl "180+1"]
[Date "2022.04.26"]
[WhiteClock "0:00:23"]
[BlackClock "0:00:17"]

1. d4 Nf6 2. c4 g6 3. g3 Bg7 4. Bg2 O-O 5. Nc3 d6 6. Nf3 c5 7. O-O Nc6 8. dxc5 dxc5 9. Bf4 Qa5 10. Qa4 Be6 11. Rac1 Qxa4 12. Nxa4 Nd7 13. Rfd1 h6 14. Be3 b6 15. Ng5 hxg5 16. Bxc6 Rad8 17. Bxg5 Ne5 18. Bd5 Nxc4 19. Bxe6 Rxd1+ 20. Rxd1 fxe6 21. b3 Ne5 22. Bxe7 Re8 23. Bg5 Rc8 24. Nc3 Nf7 25. Bd2 c4 26. Ne4 b5 27. Rc1 Rc6 28. bxc4 bxc4 29. Kf1 Ne5 30. Bc3 Nd7 31. Bxg7 Kxg7 32. Ke1 Nb6 33. Kd2 e5 34. h4 Kf7 35. Rb1 Ke6 36. Rb5 Rc8 37. Ra5 Rc7 38. f3 Rd7+ 39. Kc2 Rc7 40. Nc3 Rd7 41. Rb5 Kf6 42. a4 Rc7 43. a5 Na8 44. Nd5+ Ke6 45. Nxc7+ Nxc7 46. Rc5 Kd6 47. Rxc4 Nb5 48. Kd3 Kd5 49. e4+ Kd6 50. g4 Nd4 51. Rxd4+ exd4 52. Kxd4 1-0


[Site "https://www.chess.com"]

[Event "Titled Tuesday Blitz April 26 Early 2022"]
[White "Leiva, Gianmarco"]
[Black "Ianov, Viktor"]
[WhiteFideId "3804399"]
[BlackFideId "14102730"]
[WhiteElo "2323"]
[BlackElo "2161"]
[Result "1-0"]
[Round "03"]
[TimeControl "180+1"]
[Date "2022.04.26"]
[WhiteClock "0:00:13"]
[BlackClock "0:00:49"]

1. b3 Nf6 2. Bb2 g6 3. Nf3 Bg7 4. g3 O-O 5. Bg2 d6 6. O-O e5 7. c4 Nc6 8. Nc3 h6 9. h3 Be6 10. e4 Qd7 11. Kh2 Rfe8 12. d3 a5 13. a3 Na7 14. d4 exd4 15. Nxd4 Nc6 16. Nde2 Qc8 17. Qd2 Nd7 18. Nd5 Bxd5 19. cxd5 Ncb8 20. Bxg7 Kxg7 21. Rac1 Nb6 22. Nd4 N8d7 23. Nb5 Nc5 24. b4 axb4 25. axb4 Na6 26. Nxd6 Qd7 27. Nxe8+ Rxe8 28. Qd4+ Kg8 29. Rc3 Qd6 30. b5 Nb8 31. f4 f6 32. Rfc1 Re7 33. h4 Kg7 34. Bh3 h5 35. R1c2 Kh7 36. Re3 N8d7 37. Rce2 Kg7 38. Rd2 Qc5 39. Ree2 Qxd4 40. Rxd4 Nc5 41. e5 f5 42. d6 cxd6 43. Rxd6 Nc4 44. Rd8 Ne4 45. Bg2 Na3 46. Bxe4 fxe4 47. b6 Nc4 48. Rxe4 Nxb6 49. Rb4 Re6 50. Rb8 Nd5 51. R4xb7+ Re7 52. Rxe7+ Nxe7 53. Rb7 Kf7 54. Rxe7+ Kxe7 55. g4 hxg4 56. Kg3 Ke6 57. Kxg4 Kf7 58. Kg5 Kg7 59. e6 Kh7 60. Kf6 Kg8 61. e7 1-0


[Site "https://www.chess.com"]

[Event "Titled Tuesday Blitz April 26 Early 2022"]
[White "Lewicki, Miroslaw"]
[Black "Steil-Antoni, Fiona"]
[WhiteFideId "1113380"]
[BlackFideId "4001249"]
[WhiteElo "2283"]
[BlackElo "2059"]
[Result "1-0"]
[Round "03"]
[TimeControl "180+1"]
[Date "2022.04.26"]
[WhiteClock "0:00:15"]
[BlackClock "0:00:05"]

1. f3 e5 2. Kf2 d5 3. g3 Bc5+ 4. Kg2 f5 5. c3 Nc6 6. b4 Bb6 7. a4 a6 8. Bb2 Nf6 9. b5 axb5 10. axb5 Rxa1 11. Bxa1 Ne7 12. d4 e4 13. Bb2 O-O 14. Nh3 h6 15. Na3 g5 16. Nf2 f4 17. Qb3 Kh7 18. c4 Nf5 19. c5 Ba7 20. Nc2 c6 21. bxc6 bxc6 22. Nb4 Bd7 23. Nd1 exf3+ 24. exf3 Re8 25. Bd3 Kg7 26. Qc2 Ne3+ 27. Nxe3 Rxe3 28. Bc1 Re7 29. gxf4 gxf4 30. Bxf4 Bb8 31. Qd2 Nh5 32. Bxh6+ Kh8 33. Bg5 Qg8 34. Kf2 Rg7 35. Rg1 Bf4 36. Bxf4 Rxg1 37. Be5+ 1-0


[Site "https://www.chess.com"]

[Event "Titled Tuesday Blitz April 26 Early 2022"]
[White "Li, Ben"]
[Black "Alekseenko, Kirill"]
[WhiteFideId "2089980"]
[BlackFideId "4135539"]
[WhiteElo "2267"]
[BlackElo "2682"]
[Result "1/2-1/2"]
[Round "03"]
[TimeControl "180+1"]
[Date "2022.04.26"]
[WhiteClock "0:00:04"]
[BlackClock "0:00:09"]

1. d4 d5 2. Nf3 Nf6 3. c4 dxc4 4. Nc3 a6 5. e4 b5 6. e5 Nd5 7. a4 e6 8. axb5 Nb6 9. Be3 Be7 10. Be2 Bb7 11. bxa6 Rxa6 12. Rxa6 Nxa6 13. O-O O-O 14. Qd2 Nb4 15. Ra1 N4d5 16. Ne4 Nxe3 17. Qxe3 Bd5 18. Nfd2 h6 19. Rc1 Qa8 20. f3 Qa2 21. Rc2 Qa1+ 22. Kf2 Bh4+ 23. g3 Be7 24. Kg2 Qa4 25. Rc1 Rd8 26. Qc3 Bb4 27. Qc2 Qxc2 28. Rxc2 Bxe4 29. fxe4 Rxd4 30. Nxc4 Nd7 31. Kf3 Kf8 32. Ke3 Bc5 33. Kf3 Ke7 34. h4 h5 35. Kf4 g6 36. Rd2 Rxd2 37. Nxd2 Nxe5 38. Nc4 Nc6 39. Bd1 e5+ 40. Kf3 Nd4+ 41. Ke3 Ke6 42. Kd3 f6 43. Ba4 Bb4 44. Be8 g5 45. Bxh5 gxh4 46. gxh4 Be1 47. Bg4+ Kf7 48. h5 Kg7 49. Ne3 Kh7 50. Nf5 Ne6 51. Ne3 Nc5+ 52. Ke2 Ba5 53. Nd5 Kg7 54. Bf5 Nb3 55. Kd3 c6 56. h6+ Kxh6 57. Nxf6 Kg5 58. Nd7 Kf4 59. Be6 Nd4 60. Bc4 Be1 61. Nf8 Nf3 62. Ne6+ Kg3 63. Nc5 Bf2 64. Nd7 Kf4 65. Nf8 Bb6 66. Ke2 Nd4+ 67. Kd3 Nf3 68. Ke2 Kxe4 69. Bd3+ Kf4 70. Ng6+ Kg3 71. Be4 Nd4+ 72. Kd3 Ne6 73. Nxe5 Nc5+ 74. Kc4 Nxe4 75. Nxc6 Kf4 76. b4 Be3 77. Kd5 Nc3+ 78. Kc4 Ne2 79. b5 Ke4 80. Nb4 Nf4 81. Nc2 Bb6 82. Nb4 Ke5 83. Nd3+ Nxd3 84. Kxd3 Kd5 85. Kc3 Kc5 86. Kd3 Kxb5 1/2-1/2


[Site "https://www.chess.com"]

[Event "Titled Tuesday Blitz April 26 Early 2022"]
[White "Ljukin, Sergei"]
[Black "Legenia, Artem"]
[WhiteFideId "14102200"]
[BlackFideId "14136945"]
[WhiteElo "2312"]
[BlackElo "1936"]
[Result "1-0"]
[Round "03"]
[TimeControl "180+1"]
[Date "2022.04.26"]
[WhiteClock "0:00:10"]
[BlackClock "0:00:16"]

1. e4 c5 2. Nf3 d6 3. d4 cxd4 4. Nxd4 Nf6 5. Nc3 g6 6. Be3 Bg7 7. f3 a6 8. Qd2 h5 9. Be2 b5 10. a4 bxa4 11. O-O Nbd7 12. Nxa4 O-O 13. Nc6 Qe8 14. Nc3 Ne5 15. Nxe5 dxe5 16. Nd5 Nxd5 17. Qxd5 Be6 18. Qa5 f5 19. b4 Qc6 20. Bd3 Bc4 21. Qc5 Qxc5 22. Bxc5 Bxd3 23. cxd3 Rfd8 24. Ra3 Bf8 25. Rfa1 Kf7 26. Kf2 e6 27. Bxf8 Kxf8 28. b5 a5 29. Ke2 Rd4 30. Rxa5 Rxa5 31. Rxa5 Ke7 32. Kd2 Rb4 33. Kc3 Rb1 34. Kc4 Rc1+ 35. Kb4 Rb1+ 36. Kc5 Rc1+ 37. Kb6 Rd1 38. Ra7+ Kd6 39. Rg7 Rxd3 40. Rxg6 fxe4 41. fxe4 Re3 42. Ka7 Rxe4 43. b6 Ra4+ 44. Kb8 e4 45. b7 Ke5 46. Rg5+ Kd4 47. Rxh5 Kd3 48. Rh7 e3 49. Kc8 Rc4+ 50. Rc7 Rb4 51. b8=Q Rxb8+ 52. Kxb8 e2 53. Rc1 Kd2 54. Ra1 e1=Q 55. Rxe1 Kxe1 56. h4 Kf2 57. h5 e5 58. h6 e4 59. h7 e3 60. h8=Q Kxg2 61. Qh5 Kf2 62. Qf5+ Kg3 63. Qe4 Kf2 64. Qf4+ Ke2 65. Kc7 Kd3 66. Qf3 Kd2 67. Qd5+ Kc3 68. Qe4 Kd2 69. Qd4+ Ke2 70. Kd6 Kf3 71. Qd3 Kf2 72. Qf5+ 1-0


[Site "https://www.chess.com"]

[Event "Titled Tuesday Blitz April 26 Early 2022"]
[White "Lopez, Henry"]
[Black "Horobetz, Graham"]
[WhiteFideId "5203830"]
[BlackFideId "2047322"]
[WhiteElo "2177"]
[BlackElo "2588"]
[Result "0-1"]
[Round "03"]
[TimeControl "180+1"]
[Date "2022.04.26"]
[WhiteClock "0:00:07"]
[BlackClock "0:00:08"]

1. d4 Nf6 2. Nf3 e6 3. c4 d5 4. Nc3 Bb4 5. Qa4+ Nc6 6. Ne5 Bd7 7. Nxd7 Qxd7 8. e3 Ne4 9. Qc2 O-O 10. Bd3 f5 11. O-O Bd6 12. a3 Kh8 13. cxd5 exd5 14. f3 Nxc3 15. bxc3 Ne7 16. Bd2 c5 17. a4 c4 18. Be2 Qc7 19. f4 Ng8 20. Be1 Nf6 21. Qxf5 Rae8 22. Qh3 Re7 23. Bh4 Rfe8 24. Rf3 Bxf4 25. Bxf6 gxf6 26. Rxf4 Rxe3 27. Qf5 Rxe2 28. Qxf6+ Qg7 29. Qxg7+ Kxg7 30. Raf1 R8e7 31. Rf5 Rc2 32. Rxd5 Rxc3 33. Rg5+ Kh6 34. h4 Re6 35. Rff5 Rd3 36. d5 Rg6 37. Kf2 Rxg5 38. Rxg5 c3 39. Rg4 c2 40. Rc4 Rd2+ 41. Kg3 Kg6 42. d6 Kf6 43. a5 Ke6 44. Kf3 Kxd6 45. g4 Kd5 46. Rc8 Kd4 47. g5 Kd3 48. h5 Rh2 49. Kg4 Kd2 50. Rd8+ Kc1 51. Rc8 Kb1 52. g6 hxg6 53. hxg6 c1=Q 54. Rxc1+ Kxc1 55. Kf5 Rg2 56. Kf6 b5 57. axb6 axb6 0-1


[Site "https://www.chess.com"]

[Event "Titled Tuesday Blitz April 26 Early 2022"]
[White "Lou, Yiping"]
[Black "Martinez Alcantara, Jose Eduardo"]
[WhiteFideId "8603928"]
[BlackFideId "3805662"]
[WhiteElo "2412"]
[BlackElo "2690"]
[Result "1-0"]
[Round "03"]
[TimeControl "180+1"]
[Date "2022.04.26"]
[WhiteClock "0:00:38"]
[BlackClock "0:00:04"]

1. c4 c5 2. g3 Nc6 3. Bg2 g6 4. Nc3 Bg7 5. d3 d6 6. Nf3 e6 7. h4 h6 8. Bf4 Nge7 9. Qc1 Nf5 10. a3 a6 11. Rb1 e5 12. Bd2 Nfe7 13. b4 b6 14. b5 axb5 15. cxb5 Na5 16. Nxe5 Be6 17. Nc6 Naxc6 18. bxc6 d5 19. Nb5 Nxc6 20. Bf4 O-O 21. Bxh6 Bg4 22. f3 Be6 23. h5 Qf6 24. Bg5 Qe5 25. f4 Qb8 26. h6 Bd4 27. h7+ Kh8 28. Nxd4 f6 29. Nxe6 Rf7 30. Bxd5 Qd6 31. e4 Re8 32. Rxb6 Rxe6 33. Rxc6 Qxd5 34. Rc8+ 1-0


[Site "https://www.chess.com"]

[Event "Titled Tuesday Blitz April 26 Early 2022"]
[White "Lucas, Arthur"]
[Black "Karacsonyi, Gellert"]
[WhiteFideId "26093073"]
[BlackFideId "764620"]
[WhiteElo "2129"]
[BlackElo "2187"]
[Result "0-1"]
[Round "03"]
[TimeControl "180+1"]
[Date "2022.04.26"]
[WhiteClock "0:00:29"]
[BlackClock "0:01:00"]

1. e4 c5 2. Nc3 Nc6 3. Bb5 g6 4. Bxc6 dxc6 5. f4 Bg7 6. Nf3 Bg4 7. O-O Nf6 8. d3 O-O 9. Qe1 Bxf3 10. Rxf3 Nd7 11. Rh3 Bd4+ 12. Be3 e5 13. f5 Qf6 14. Kh1 Bxe3 15. Qxe3 Qg7 16. Rf1 f6 17. fxg6 hxg6 18. Ne2 Rf7 19. Rff3 b6 20. Rfg3 Nf8 21. Rg4 Ne6 22. Rh6 g5 23. Rh3 Nd4 24. Ng3 Nxc2 25. Qf2 Nd4 26. Nh5 Qg6 27. Ng3 Rd8 28. Rh5 Rh7 29. Rxh7 Kxh7 30. h4 Qh6 31. Kg1 Rg8 32. Nf5 Qh5 33. Qg3 Ne2+ 0-1


[Site "https://www.chess.com"]

[Event "Titled Tuesday Blitz April 26 Early 2022"]
[White "Makarian, Rudik"]
[Black "Sharapov, Evgeny"]
[WhiteFideId "44105681"]
[BlackFideId "14103133"]
[WhiteElo "2388"]
[BlackElo "2367"]
[Result "1/2-1/2"]
[Round "03"]
[TimeControl "180+1"]
[Date "2022.04.26"]
[WhiteClock "0:00:04"]
[BlackClock "0:00:14"]

1. c4 c5 2. Nf3 Nc6 3. g3 e5 4. Nc3 g6 5. d3 Bg7 6. Nd5 Nge7 7. Bg5 h6 8. Bxe7 Nxe7 9. Nxe7 Qxe7 10. Bg2 O-O 11. O-O d6 12. Ne1 Rb8 13. Nc2 b5 14. Rb1 Bb7 15. Bxb7 Rxb7 16. Ne3 f5 17. Nd5 Qf7 18. b3 e4 19. e3 bxc4 20. bxc4 exd3 21. Qxd3 Rfb8 22. Rb3 Rxb3 23. axb3 Be5 24. Rb1 a5 25. Kg2 Qb7 26. e4 fxe4 27. Qxe4 Kg7 28. f4 Bd4 29. f5 gxf5 30. Qxf5 Qf7 31. Qxf7+ Kxf7 32. Rf1+ Kg7 33. Rf3 Ra8 34. h4 Ra7 35. Nb6 Rb7 36. Na4 Kg6 37. g4 Re7 38. Nb6 Re2+ 39. Kf1 Re4 40. g5 Rxh4 41. gxh6 Rxh6 42. Nd5 Rh1+ 43. Ke2 Ra1 44. Kd3 a4 45. bxa4 Ra3+ 46. Ke4 Rxa4 47. Nf4+ Kg7 48. Kd5 Be5 49. Ne6+ Kg6 50. Re3 Ra1 51. Rf3 Rd1+ 52. Kc6 Rc1 53. Kd5 Rd1+ 54. Kc6 Rc1 55. Kb5 Rb1+ 56. Ka5 Rc1 57. Kb5 Rb1+ 58. Ka6 Rc1 59. Kb5 1/2-1/2


[Site "https://www.chess.com"]

[Event "Titled Tuesday Blitz April 26 Early 2022"]
[White "Maksimenko, Viktor"]
[Black "Atanejhad, Sahebali"]
[WhiteFideId "13710478"]
[BlackFideId "12506664"]
[WhiteElo "2269"]
[BlackElo "1953"]
[Result "0-1"]
[Round "03"]
[TimeControl "180+1"]
[Date "2022.04.26"]
[WhiteClock "0:00:06"]
[BlackClock "0:00:04"]

1. d4 Nf6 2. c4 e6 3. Nf3 c5 4. d5 b5 5. e4 Nxe4 6. Bd3 Nf6 7. Nc3 b4 8. Ne4 exd5 9. cxd5 Nxe4 10. Bxe4 d6 11. O-O Be7 12. Qc2 h6 13. a3 bxa3 14. Rxa3 O-O 15. Nd2 Nd7 16. Rg3 Bf6 17. Nc4 Ne5 18. Bxh6 Ba6 19. b3 Nxc4 20. bxc4 Re8 21. Bd3 Rb8 22. Bf5 Rb2 23. Bxg7 Rxc2 24. Bxf6+ Kf8 25. Bxd8 Rxc4 26. Bg5 Ra4 27. Rd1 Rd4 28. Rb1 Rb4 29. Rc1 Rc4 30. Ra1 Ra4 31. Rb1 Rb4 32. Bh6+ Ke7 33. Rxb4 cxb4 34. h4 Kf6 35. Bg5+ Kxf5 36. Rf3+ Kg6 37. Rf6+ Kg7 38. h5 Re5 39. f4 Rxd5 40. h6+ Kg8 41. h7+ Kxh7 42. Rh6+ Kg7 43. Rh3 Bb7 44. Rg3 Kf8 45. Bf6 b3 46. Rh3 Rd1+ 47. Kh2 Ke8 48. Rxb3 Bc6 49. Rb8+ Kd7 50. Rf8 Ke6 51. Bh4 Rd2 52. f5+ Kxf5 53. Rxf7+ Ke6 54. Rf2 Rxf2 55. Bxf2 a5 56. Bd4 a4 57. Kg3 Be4 58. Kf2 Kd5 59. Bg7 Kc4 60. g4 d5 61. Ke3 Bg6 62. Kd2 d4 63. Kc1 a3 64. Bh8 a2 65. Kb2 d3 66. Bc3 a1=Q+ 67. Kxa1 Kxc3 68. Kb1 d2+ 69. Ka2 d1=Q 70. Ka3 Qb3# 0-1


[Site "https://www.chess.com"]

[Event "Titled Tuesday Blitz April 26 Early 2022"]
[White "Maksimovic, Bojan"]
[Black "Svane, Rasmus"]
[WhiteFideId "14408120"]
[BlackFideId "4657101"]
[WhiteElo "2448"]
[BlackElo "2645"]
[Result "0-1"]
[Round "03"]
[TimeControl "180+1"]
[Date "2022.04.26"]
[WhiteClock "0:00:03"]
[BlackClock "0:00:07"]

1. d4 Nf6 2. c4 e6 3. Nf3 d5 4. g3 Be7 5. Bg2 O-O 6. O-O dxc4 7. Qc2 a6 8. a4 Bd7 9. Qxc4 Bc6 10. Bg5 Nbd7 11. Nc3 h6 12. Bxf6 Nxf6 13. Rfd1 a5 14. Ne5 Bxg2 15. Kxg2 c6 16. Rac1 Bd6 17. Nf3 Bb4 18. Na2 Bd6 19. Qb3 Qe7 20. Nc3 Bb4 21. e3 Rfd8 22. Ne2 Bd6 23. Rc2 Nd5 24. Nc1 Nb4 25. Rcd2 Rd7 26. Nd3 Rad8 27. Nxb4 Bxb4 28. Rd3 Qd6 29. e4 Qc7 30. Qc4 Qb6 31. b3 Be7 32. Ne5 Rd6 33. Qc3 Qb4 34. Qxb4 axb4 35. Nc4 R6d7 36. Nb6 Rc7 37. d5 cxd5 38. exd5 Rc3 39. a5 Kf8 40. Kf1 Bc5 41. Na4 Rxd3 42. Rxd3 Ba7 43. Ke2 Rxd5 44. Rxd5 exd5 45. Nb2 Ke7 46. Nd3 Kd6 47. Nxb4 Kc5 48. Nd3+ Kb5 49. Nf4 d4 50. Nd3 Kxa5 51. Kf3 Kb5 52. Ke4 Kc6 53. Ne5+ Kc5 54. Nd3+ Kd6 55. Ne5 Ke6 56. Nd3 f5+ 57. Kf4 g5+ 58. Kf3 g4+ 59. Ke2 Kd5 60. f3 Bb8 61. Kf2 Bd6 62. Kg2 h5 63. Kf2 Ke6 64. Kg2 Kf6 65. Kf2 Kg5 66. Kg2 h4 67. gxh4+ Kxh4 68. Nf2 gxf3+ 69. Kxf3 Bxh2 70. Nd3 Bd6 71. Nb2 b5 72. Nd3 Kg5 73. Nb2 Kf6 74. Nd3 Ke6 75. Ke2 Kd5 76. Kf3 Bc7 77. Nf2 Ba5 78. Nd3 Bd2 79. Nf2 Be3 80. Nd3 Bg5 81. Nb2 Be7 82. Nd3 Bd6 83. Nf2 d3 84. Nxd3 Kd4 85. Ke2 Kc3 86. Nf2 Kxb3 87. Kd3 b4 88. Kd4 Ka2 89. Nd3 b3 90. Kc3 Ka3 91. Kc4 b2 92. Nxb2 Kxb2 93. Kd5 f4 94. Ke4 Kc3 0-1


[Site "https://www.chess.com"]

[Event "Titled Tuesday Blitz April 26 Early 2022"]
[White "Mangialardo, Tiago Carvalho"]
[Black "Kotepalli, Sai Nirupama"]
[WhiteFideId "2130718"]
[BlackFideId "5039444"]
[WhiteElo "2049"]
[BlackElo "2383"]
[Result "0-1"]
[Round "03"]
[TimeControl "180+1"]
[Date "2022.04.26"]
[WhiteClock "0:00:01"]
[BlackClock "0:01:01"]

1. e4 c5 2. Nf3 e6 3. c3 Nf6 4. e5 Nd5 5. d4 cxd4 6. cxd4 Nc6 7. Nc3 Bb4 8. Bd2 Nxc3 9. bxc3 Ba5 10. Bd3 d6 11. Qe2 h6 12. Qe4 Qc7 13. Qg4 Kf8 14. Qf4 dxe5 15. dxe5 Ne7 16. O-O Bd7 17. Nh4 Kg8 18. Qg3 Rd8 19. Rad1 Ba4 20. Rc1 Rd5 21. Bf4 Rc5 22. Be4 Kf8 23. c4 g5 24. Qf3 gxf4 25. Qxf4 Qxe5 26. Qf3 Bd2 0-1


[Site "https://www.chess.com"]

[Event "Titled Tuesday Blitz April 26 Early 2022"]
[White "Manukian, Artak"]
[Black "Taboas Rodriguez, Daniel"]
[WhiteFideId "13301373"]
[BlackFideId "2208466"]
[WhiteElo "2335"]
[BlackElo "2429"]
[Result "0-1"]
[Round "03"]
[TimeControl "180+1"]
[Date "2022.04.26"]
[WhiteClock "0:00:22"]
[BlackClock "0:00:54"]

1. e4 e6 2. d4 d5 3. e5 Nc6 4. c3 Nge7 5. Bd3 b6 6. Ne2 a5 7. O-O Ba6 8. Ng3 Bxd3 9. Qxd3 Qd7 10. a4 h5 11. Na3 h4 12. Ne2 Nf5 13. Nb5 Na7 14. Nxa7 Rxa7 15. Bg5 Be7 16. Bxe7 Qxe7 17. g4 hxg3 18. hxg3 Ra8 19. Kg2 Qg5 20. Rh1 Ke7 21. Rxh8 Rxh8 22. Rh1 Rxh1 23. Kxh1 Qg4 24. Nf4 g5 25. Ng2 Qh3+ 26. Kg1 Nh4 27. Nxh4 gxh4 28. Qf3 hxg3 29. Qxg3 Qh6 30. f4 Qh7 31. Qg5+ Ke8 32. Qg2 Qd3 33. Kh2 Qe3 34. Qg3 Qd2+ 35. Qg2 Qxf4+ 36. Kh3 Qh6+ 37. Kg3 Qg6+ 38. Kf3 Qxg2+ 39. Kxg2 f6 40. exf6 Kf7 41. Kf3 Kxf6 42. Kf4 c5 43. b3 cxd4 44. cxd4 e5+ 45. dxe5+ Ke6 46. Ke3 Kxe5 47. Kd3 Kd6 48. Kd4 Kc6 49. Kd3 Kc5 50. Kc3 d4+ 51. Kd3 Kd5 52. Kd2 Ke4 53. Ke2 d3+ 54. Kd2 Kd4 55. Kd1 Kc3 0-1


[Site "https://www.chess.com"]

[Event "Titled Tuesday Blitz April 26 Early 2022"]
[White "Martin, Lewis"]
[Black "Yeremyan, Alen"]
[WhiteFideId "410551"]
[BlackFideId "13308998"]
[WhiteElo "2145"]
[BlackElo "2158"]
[Result "0-1"]
[Round "03"]
[TimeControl "180+1"]
[Date "2022.04.26"]
[WhiteClock "0:00:02"]
[BlackClock "0:01:31"]

1. e4 Nf6 2. Nc3 d5 3. e5 d4 4. exf6 dxc3 5. fxg7 cxd2+ 6. Bxd2 Bxg7 7. Qh5 Qd4 8. c3 Qe4+ 9. Be2 Qxg2 10. Bf3 Qg6 11. Ne2 Qxh5 12. Bxh5 Bf5 13. O-O-O Nd7 14. Ng3 Bg6 15. Bf3 Ne5 16. Be2 O-O-O 17. Be3 a6 18. Rxd8+ Rxd8 19. Rd1 Rxd1+ 20. Kxd1 Nd3 21. f4 Bh6 22. f5 Bxe3 23. fxg6 Nf2+ 24. Ke1 hxg6 25. Bc4 e6 26. Ke2 Bb6 27. Kf3 Kd7 28. Be2 Ke7 29. Nf1 f5 30. Ne3 Ne4 31. Nc4 Bg1 32. h4 Kf6 33. Bd3 Nd6 34. Na5 e5 35. Bc2 e4+ 36. Kg2 Bb6 37. Nb3 f4 38. Nd2 f3+ 39. Kf1 Ke5 40. b3 Kf4 41. c4 e3 0-1


[Site "https://www.chess.com"]